 Dungeon Crawl Stone Soup version 0.27-a0-522-g46bbb28 (webtiles) character file.

Game seed: 8817152792563670891

1727 Anti the Cutter (level 8, -1/61 HPs)
             Began as a Demonspawn Gladiator on Mar 4, 2021.
             Was an Initiate of Okawaru.
             Slain by a killer bee (9 damage)
             ... on level 7 of the Dungeon.
             The game lasted 00:16:37 (8723 turns).

Anti the Cutter (Demonspawn Gladiator)              Turns: 8723, Time: 00:16:38

Health: -1/61      AC:  9    Str: 21    XL:     8   Next: 75%
Magic:  11/11      EV: 14    Int: 10    God:    Okawaru [......]
Gold:   128        SH:  0    Dex: 16    Spells: 9/11 levels left

rFire    . . .     SeeInvis .   a - +1 rapier
rCold    . . .     Faith    .   (no shield)
rNeg     . . .     Spirit   .   b - +0 leather armour
rPois    .         Reflect  .   c - +0 helmet
rElec    +         Harm     .   y - +1 cloak
rCorr    .         Rampage  .   (no gloves)
Will     .....                  (no boots)
Stlth    ++........             (no amulet)
HPRegen  1.20/turn              B - +6 ring of strength
MPRegen  0.12/turn              (no ring)

@: lethally poisoned (-1 -> -11)
A: hooves 1, thin metallic scales 2, blurry vision 1, demonic guardian 1,
regeneration 1, electricity resistance, demonic magic 1
a: Renounce Religion


You were on level 7 of the Dungeon.
You worshipped Okawaru.
Okawaru was noncommittal.
You visited 2 branches of the dungeon, and saw 8 of its levels.
You also visited: Sewer.

You collected 337 gold pieces.
You spent 209 gold pieces at shops.

Inventory:

Hand Weapons
 a - a +1 rapier (weapon)
 x - a +3 quarterstaff of chaos
Missiles
 d - a throwing net (quivered)
 i - 46 poisoned darts
 s - a curare-tipped dart
Armour
 b - a +0 leather armour (worn)
 c - a +0 helmet (worn)
 y - a +1 cloak (worn)
Magical Staves
 u - a staff of fire
Jewellery
 f - a ring of fire
 B - a +6 ring of strength (left hand)
Wands
 j - a wand of iceblast (7)
 C - a wand of paralysis (6)
Scrolls
 g - a scroll of amnesia
 h - 4 scrolls of teleportation
 l - a scroll of immolation
 p - 2 scrolls of magic mapping
Potions
 e - a potion of degeneration
 k - 3 potions of attraction
 m - a potion of resistance
 o - 2 potions of heal wounds
 q - 2 potions of brilliance
 r - 2 potions of magic
 t - a potion of might
 w - a potion of curing


   Skills:
 + Level 4.5 Fighting
 + Level 7.3 Short Blades
 + Level 1.9 Throwing
 + Level 3.1 Armour
 + Level 4.5 Dodging
 + Level 3.1 Stealth
 * Level 2.4 Spellcasting
 * Level 1.1 Necromancy


You had 9 spell levels left.
You knew the following spells:

 Your Spells              Type           Power        Failure   Level
a - Animate Skeleton      Necr           6%           22%         1
b - Pain                  Necr           12%          22%         1

Your spell library contained the following spells:

 Spells                   Type           Power        Failure   Level
 Vampiric Draining        Necr           1%           54%         3
 Confusing Touch          Hex            1%           71%         3
 Gell's Gravitas          Tloc           0%           71%         3
 Animate Dead             Necr           1%           91%         4
 Petrify                  Tmut/Erth      1%           98%         4
 Agony                    Necr           3%           99%         5
 Metabolic Englaciation   Hex/Ice        0%           100%        5
 Yara's Violent Unravell  Hex/Tmut       0%           100%        5


Dungeon Overview and Level Annotations

Branches:
Dungeon (7/15)             Temple (1/1) D:6           Sewer (visited)

Altars:
Ashenzari
Cheibriados
Dithmenos
Elyvilon
Fedhas
Gozag
Hepliaklqana
Kikubaaqudgha
Makhleb
Nemelex Xobeh
Okawaru
Qazlal
Sif Muna
Trog
Uskayaw
Vehumet
Wu Jian
Xom
Yredelemnul
Zin
The Shining One

Shops:
D:5 !   D:7 *


Innate Abilities, Weirdness & Mutations

You have large cloven feet.
You are mostly covered in thin metallic scales. (AC +3)
A weak demonic guardian rushes to your aid.
Spells you cast may paralyse adjacent enemies.
Scrolls take you a little longer to read.
Your natural rate of healing is unusually fast.
You are resistant to electric shocks. (rElec)


Message History

The killer bee is moderately wounded.
The killer bee stings you but does no damage.
The killer bee barely misses you.
The killer bee stings you but does no damage. x2
The killer bee misses you. The killer bee stings you.
You are more poisoned.
The killer bee poisons you! The killer bee misses you.
You miss the killer bee. Your kick misses the killer bee.
The killer bee is moderately wounded.
You feel sick. The killer bee misses you. The killer bee stings you.
The killer bee barely misses you.
The killer bee completely misses you. x2
The killer bee misses you. The killer bee closely misses you.
You miss the killer bee. Your kick misses the killer bee.
The killer bee is moderately wounded.
You feel sick. The killer bee barely misses you.
The killer bee stings you but does no damage.
The killer bee closely misses you.
The killer bee stings you but does no damage. x2
The killer bee stings you!
You are more poisoned.
The killer bee poisons you!
You hit the killer bee. Your kick misses the killer bee.
The killer bee is moderately wounded.
You feel sick. The killer bee closely misses you.
The killer bee barely misses you. The killer bee stings you.
* * * LOW HITPOINT WARNING * * *
You are more poisoned.
The killer bee poisons you!
The killer bee stings you but does no damage.
The killer bee completely misses you. The killer bee barely misses you.
The killer bee stings you but does no damage.
You barely miss the killer bee. You kick the killer bee.
The killer bee is heavily wounded.
You feel sick. The killer bee stings you!
* * * LOW HITPOINT WARNING * * *
You are lethally poisoned!
The killer bee poisons you! The killer bee closely misses you.
The killer bee stings you but does no damage. x2
The killer bee barely misses you. The killer bee stings you!
You die...

... #.# ## #.# ..
#####.## .### #......#
/.. #......########y#
#............yyZ#####
#.......#...###......#
........#.+.<.y@y......+
#########.#...yy#......#
#.+.###........y #....
##...####Z ...#.# ...#
##.#.. (...# . ##.
###..# #. #..


You could see 4 killer bees.

Vanquished Creatures
  An ogre (D:6)
  2 centaurs
  4 kobold brigands (Sewer)
  3 scorpions
  5 killer bees (D:7)
  2 hounds
  3 orc priests
  Crazy Yiuf (D:5)
  A bullfrog skeleton (D:5)
  2 orc wizards (D:4)
  4 worker ants
  A hound skeleton (D:4)
  4 gnolls (D:5)
  16 adders
  A river rat (Sewer)
  A white imp (D:7)
  5 oozes
  7 worms
  2 dart slugs
  7 leopard geckos
  7 orcs
  6 giant cockroaches
  3 goblins
  7 hobgoblins
  8 jackals (D:4)
  15 kobolds
  4 quokkas
  8 ball pythons
  5 bats
  9 frilled lizards
  8 rats
152 creatures vanquished.

Vanquished Creatures (collateral kills)
  An ogre (D:6)
  A wyvern skeleton (D:6)
  A jelly (D:5)
  A worm (D:2)
  An orc (D:6)
  A giant cockroach (D:2)
  2 rats (D:2)
8 creatures vanquished.

Grand Total: 160 creatures vanquished

Notes
Turn   | Place    | Note
-------+----------+-------------------------------------------
     0 | D:1      | Anti the Demonspawn Gladiator began the quest for the Orb.
     0 | D:1      | Reached XP level 1. HP: 16/16 MP: 1/1
   293 | D:1      | Reached skill level 3 in Short Blades
   463 | D:1      | Gained mutation: A weak demonic guardian rushes to your
                  | aid. [demonic ancestry]
   463 | D:1      | Reached XP level 2. HP: 22/22 MP: 2/2
   685 | D:1      | You fall into a shaft and drop 1 floor!
   711 | D:2      | Reached XP level 3. HP: 4/27 MP: 3/3
  1454 | D:2      | Reached skill level 1 in Armour
  1454 | D:2      | Gained mutation: Spells you cast may paralyse adjacent
                  | enemies. [demonic ancestry]
  1454 | D:2      | Reached XP level 4. HP: 30/33 MP: 4/4
  2116 | D:3      | Reached skill level 1 in Spellcasting
  2631 | D:3      | Reached XP level 5. HP: 15/39 MP: 6/6
  2949 | D:3      | Reached skill level 4 in Short Blades
  4062 | D:4      | Reached skill level 1 in Stealth
  4120 | D:4      | Gained mutation: You are partially covered in thin metallic
                  | scales. (AC +2) [demonic ancestry]
  4120 | D:4      | Reached XP level 6. HP: 46/46 MP: 8/8
  4138 | D:4      | Found a glowing drain.
  4154 | Sewer    | Entered a sewer
  5320 | Sewer    | Reached skill level 5 in Short Blades
  5320 | Sewer    | Gained mutation: You are mostly covered in thin metallic
                  | scales. (AC +3) [demonic ancestry]
  5320 | Sewer    | Reached XP level 7. HP: 48/52 MP: 10/10
  5957 | D:4      | Found an ornate altar of the Wu Jian Council.
  6538 | D:5      | Entered Level 5 of the Dungeon
  6788 | D:5      | Reached skill level 6 in Short Blades
  7343 | D:5      | Gained mutation: You have large cloven feet. [demonic
                  | ancestry]
  7343 | D:5      | Reached XP level 8. HP: 60/60 MP: 11/11
  7395 | D:5      | Found Mahued's Distillery.
  7454 | D:5      | Bought a potion of mutation for 88 gold pieces
  7454 | D:5      | Bought a potion of mutation for 88 gold pieces
  7454 | D:5      | Bought a potion of curing for 33 gold pieces
  7454 | D:5      | Gained mutation: You are dopey. (Int -2) [potion of
                  | mutation]
  7454 | D:5      | Gained mutation: You evolve. [potion of mutation]
  7454 | D:5      | Gained mutation: You are resistant to electric shocks.
                  | (rElec) [potion of mutation]
  7454 | D:5      | Gained mutation: You expend magic power (3 MP) to
                  | strengthen your wands. [potion of mutation]
  7455 | D:5      | Lost mutation: You expend magic power (3 MP) to strengthen
                  | your wands. [potion of mutation]
  7455 | D:5      | Lost mutation: You evolve. [potion of mutation]
  7455 | D:5      | Lost mutation: You are dopey. (Int -2) [potion of mutation]
  7455 | D:5      | Gained mutation: Scrolls take you a little longer to read.
                  | [potion of mutation]
  7455 | D:5      | Gained mutation: Scrolls take you longer to read. [potion
                  | of mutation]
  7455 | D:5      | Lost mutation: Scrolls take you longer to read. [potion of
                  | mutation]
  7455 | D:5      | Gained mutation: Your natural rate of healing is unusually
                  | fast. [potion of mutation]
  7744 | D:5      | Found a runed translucent door.
  7745 | D:5      | Noticed Crazy Yiuf
  7757 | D:5      | Killed Crazy Yiuf
  7944 | D:6      | Found a shadowy altar of Dithmenos.
  8046 | D:6      | Found a staircase to the Ecumenical Temple.
  8070 | D:6      | Learned a level 1 spell: Animate Skeleton
  8091 | D:6      | Reached skill level 7 in Short Blades
  8242 | Temple   | Entered the Ecumenical Temple
  8358 | Temple   | Became a worshipper of Warmaster Okawaru
  8629 | D:6      | Learned a level 1 spell: Pain
  8639 | D:7      | Found Robred Janesm's General Store.
  8704 | D:7      | Reached skill level 1 in Necromancy
  8723 | D:7      | Slain by a killer bee

Illustrated notes

Levels and vault maps discovered:
D:1:      elethiomel_arrival_maze, layout_loops_ring, grunt_decor_resistance
D:2:      layout_basic, minmay_misc_feat_ornament, minivault_14
D:3:      layout_basic
D:4:      layout_gridville, lemuel_crystal_altar, portal_sewer_entry_f
D:5:      layout_loops_ring, serial_shops, shop, grunt_ministairs_15,
          uniq_crazy_yiuf_cottage
D:6:      layout_rooms, minmay_temple_entry_offerings, basic_altar
D:7:      layout_basic, kennysheep_mini_moat, serial_shops,
          nicolae_shop_waterfront, nicolae_shop_statue_plus, shop,
          nicolae_shop_crystal, shop, nicolae_ossuary_entry_false_entrances,
          minmay_bent
Temple:   regret_index_temple_chain_breaker

Skill      XL: |  1  2  3  4  5  6  7  8 |
---------------+-------------------------+-----
Short Blades   | 3 4 5 6 7 |  7.3
Dodging        | 3 4 |  4.5
Armour         | 1 2 3 |  3.1
Spellcasting   | 1 2 |  2.4
Stealth        | 1 2 3 |  3.1
Fighting       | 3 4 |  4.5
Necromancy     | 1 |  1.1
Throwing       | |  1.9

Action                   |  1- 3 |  4- 6 |  7- 9 || total
-------------------------+-------+-------+-------++-------
Melee: Rapier            |   126 |   311 |   335 ||   772
       Kick              |       |       |    35 ||    35
Throw: Throwing net      |       |     2 |       ||     2
  Use: Potion            |     2 |     1 |     3 ||     6
       Scroll            |       |     3 |    11 ||    14
 Stab: Sleeping          |     2 |     1 |     5 ||     8
       Distracted        |       |       |     3 ||     3
Armor: Leather armour    |    49 |    64 |   106 ||   219
Dodge: Dodged            |    91 |   190 |   245 ||   526

Table legend: (Time is in decaauts)
 A = Elapsed time spent in this place.
 B = Non-inter-level travel time spent in this place.
 C = Inter-level travel time spent in this place.
 D = Time resting spent in this place.
 E = Time spent auto-exploring this place.
 F = Levels seen in this place.
 G = Mean time per level.
                   A        B        C        D        E       F      G
               +--------+--------+--------+--------+--------+-----+--------+
         Total |   8860 |   8687 |    173 |   1269 |   5973 |   9 |  984.4 |
       Dungeon |   7007 |   6854 |    153 |   1119 |   4692 |   7 | 1001.0 |
        Temple |    148 |    128 |     20 |      0 |    121 |   1 |  148.0 |
         Sewer |   1704 |   1704 |      0 |    150 |   1160 |   1 | 1704.0 |
               +--------+--------+--------+--------+--------+-----+--------+

Top non-repeatable levels by time:
     D:3: 1868 daAuts
   Sewer: 1704 daAuts
     D:2: 1390 daAuts
     D:5: 1292 daAuts
     D:4: 1052 daAuts
     D:1: 688 daAuts
     D:6: 639 daAuts
  Temple: 148 daAuts
     D:7: 76 daAuts
